 Dungeon Sprint DCSS version 0.26-a0-651-gb41185065b (webtiles) character file.

Game seed: 993176317802213458

324 Conn the Thaumaturge (level 6, 0/33 HPs)
             Began as a Kobold Summoner on Sept 29, 2020.
             Was an Initiate of Sif Muna.
             Slain by Sonja
             ... wielding a +2 dagger of distortion
              (7 damage)
             ... in the Dungeon (Sprint I: "Red Sonja").
             The game lasted 00:09:37 (1398 turns).

Conn the Thaumaturge (Kobold Summoner)              Turns: 1398, Time: 00:09:38

Health: 0/33       AC:  2    Str:  5    XL:     6   Next: 77%
Magic:  7/19       EV: 16    Int: 18    God:    Sif Muna [......]
Gold:   459        SH:  0    Dex: 16    Spells: 8/25 levels left

rFire    . . .     SeeInvis .   (weapon restricted)
rCold    . . .     Faith    .   (shield restricted)
rNeg     . . .     Spirit   .   a - +0 robe
rPois    .         Reflect  .   (no helmet)
rElec    .         Harm     .   (no cloak)
rCorr    .         Rampage  .   (no gloves)
MR       .....     NoTele   +   (no boots)
Stlth    ++++......             (no amulet)
HPRegen  0.11/turn              (no ring)
MPRegen  0.16/turn              (no ring)

@: hasted and slowed
A: small, nightstalker 3
a: Renounce Religion


You were in the Dungeon.
You worshipped Sif Muna.
Sif Muna was noncommittal.
You visited 1 branch You collected 459 gold pieces.

Inventory:

Armour
 a - a +0 robe (worn)
Wands
 b - a wand of digging (3)
Scrolls
 d - a scroll of remove curse {unknown}
 h - a scroll of blinking


   Skills:
 + Level 0.3 Fighting
 + Level 3.5 Dodging
 + Level 3.8 Stealth
 - Level 0.7 Unarmed Combat
 * Level 10.4 Spellcasting
 + Level 8.7 Summonings
 + Level 0.3 Evocations


You had 8 spell levels left.
You knew the following spells:

 Your Spells              Type           Power        Failure   Level
a - Summon Small Mammal   Summ           ####         1%          1
b - Call Imp              Summ           #####...     1%          2
c - Call Canine Familiar  Summ           #####...     1%          3
d - Summon Guardian Gole  Hex/Summ       ####....     3%          3
e - Summon Ice Beast      Ice/Summ       ####....     13%         4
f - Summon Lightning Spi  Summ/Air       ####....     13%         4

Your spell library contained the following spells:

 Spells                   Type           Power        Failure   Level


Dungeon Overview and Level Annotations

Branches:
Dungeon (1/1)

Altars:
Cheibriados
Dithmenos
Elyvilon
Fedhas
Gozag
Hepliaklqana
Kikubaaqudgha
Makhleb
Nemelex Xobeh
Okawaru
Qazlal
Ru
Sif Muna
Trog
Uskayaw
Vehumet
Wu Jian
Xom
Yredelemnul
Zin
The Shining One
Jiyva
Lugonu

Shops:
D [

Annotations:
D Sonja


Innate Abilities, Weirdness & Mutations

You are small and have problems with some larger weapons.
You are completely attuned to the shadows.


Message History

Casting: Summon Ice Beast (quite dangerous; 13% risk of failure)
Confirm with . or Enter, or press ? or * to list all spells.
A beastly little devil appears in a puff of flame.
Your hound completely misses Sonja.
Your ice beast completely misses Sonja.
Your hound bites Sonja but does no damage.
Unknown command.
Evoke which item? (* to show all) (? for menu, Esc to quit)
Okay, then.
Unknown command.
Unknown command.
You barely miss Sonja.
Sonja is heavily wounded.
Sonja hits you with a +2 dagger of distortion!
Sonja misses you.
Sonja hits you with a +2 dagger of distortion.
Space warps horribly around you!
Your hound misses Sonja. Sonja hits you but does no damage.
Space bends around you.
* * * LOW HITPOINT WARNING * * *
Sonja hits you but does no damage. Space bends around you.
You die...

######################
#<....'.)#..'..#__#..+
#..'..#.5'..#..'..'..#
#..#####'#####'#__####
#..####..#Y5@#(####
#..#__####hK##.#
#))#_____##5#_.+
#⌠⌠#_.∩...'.(._#
#.##_..__##_(#'#
#..#_____###(#.#
########## #.### $.$
$.$#


You could see Sonja, a friendly ice beast (summoned), a friendly hound
(summoned) and 2 friendly crimson imps.

Vanquished Creatures
  An ogre (D)
1 creature vanquished.

Vanquished Creatures (collateral kills)
  A slime creature (D)
  Sigmund (D)
  A yak (D)
  A jelly (D)
  Ijyb (D)
5 creatures vanquished.

Vanquished Creatures (others)
  A gargoyle (D)
1 creature vanquished.

Grand Total: 7 creatures vanquished

Notes
Turn   | Place    | Note
-------+----------+-------------------------------------------
     0 | D        | Conn the Kobold Summoner began the quest for the Orb.
     0 | D        | Reached XP level 1. HP: 10/10 MP: 3/3
     4 | D        | Noticed Ijyb
    46 | D        | Killed Ijyb
    46 | D        | Reached skill level 3 in Spellcasting
    46 | D        | Reached skill level 5 in Summonings
    46 | D        | Reached XP level 2. HP: 11/15 MP: 1/6
   128 | D        | Learned a level 2 spell: Call Imp
   312 | D        | Noticed an ogre
   335 | D        | Killed an ogre
   335 | D        | Reached skill level 5 in Spellcasting
   335 | D        | Reached XP level 3. HP: 19/19 MP: 0/9
   335 | D        | Reached XP level 4. HP: 24/24 MP: 0/11
   473 | D        | Noticed Sigmund
   483 | D        | Killed Sigmund
   483 | D        | Reached skill level 7 in Spellcasting
   483 | D        | Reached XP level 5. HP: 28/28 MP: 1/15
   576 | D        | Killed a gargoyle
   594 | D        | Found an ornate altar of the Wu Jian Council.
   595 | D        | Found a shimmering blue altar of Sif Muna.
   596 | D        | Found a radiant altar of Vehumet.
   602 | D        | Reached skill level 8 in Spellcasting
   605 | D        | Became a worshipper of Sif Muna the Loreminder
   777 | D        | Learned a level 3 spell: Call Canine Familiar
   781 | D        | Learned a level 3 spell: Summon Guardian Golem
   786 | D        | Learned a level 4 spell: Summon Ice Beast
   791 | D        | Learned a level 4 spell: Summon Lightning Spire
   903 | D        | Found a hazy altar of Hepliaklqana.
   903 | D        | Found a stormy altar of Qazlal.
   903 | D        | Found a hide-covered altar of Uskayaw.
   903 | D        | Found a blossoming altar of Fedhas.
   903 | D        | Noticed a yak
   918 | D        | Killed a yak
   918 | D        | Reached skill level 9 in Spellcasting
   918 | D        | Reached XP level 6. HP: 33/33 MP: 1/18
   924 | D        | Found Pudami's Armour Emporium.
   924 | D        | Found a bloodstained altar of Trog.
   924 | D        | Found an opulent altar of Gozag.
   924 | D        | Found a snail-covered altar of Cheibriados.
   925 | D        | Found an iron altar of Okawaru.
   925 | D        | Found a sparkling altar of Nemelex Xobeh.
   925 | D        | Found a sacrificial altar of Ru.
   925 | D        | Found a glowing silver altar of Zin.
   926 | D        | Found an ancient bone altar of Kikubaaqudgha.
   926 | D        | Found a basalt altar of Yredelemnul.
   926 | D        | Found a glowing golden altar of the Shining One.
   926 | D        | Found a shadowy altar of Dithmenos.
   926 | D        | Found a white marble altar of Elyvilon.
  1038 | D        | Found a burning altar of Makhleb.
  1038 | D        | Found a viscous altar of Jiyva.
  1038 | D        | Found a shimmering altar of Xom.
  1038 | D        | Found a corrupted altar of Lugonu.
  1038 | D        | Noticed a slime creature
  1070 | D        | Killed a slime creature
  1070 | D        | Reached skill level 10 in Spellcasting
  1368 | D        | Noticed Sonja
  1398 | D        | Slain by Sonja

Illustrated notes

Levels and vault maps discovered:
D:        dungeon_sprint_1 [red_sonja_temple_1, red_sonja_temple_small_1]

Skill      XL: |  1  2  3  4  5  6 |
---------------+-------------------+-----
Stealth        | 3 |  3.8
Spellcasting   | 3 5 7 9 10 | 10.4
Summonings     | 5 6 7 8 |  8.7
Dodging        | 3 |  3.5
Fighting       | |  0.3
Unarmed Combat | |  0.7
Evocations     | |  0.3

Action                   |  1- 3 |  4- 6 || total
-------------------------+-------+-------++-------
Melee: Unarmed           |    16 |     7 ||    23
 Cast: Summon Small Mamm |     7 |       ||     7
       Call Imp          |    12 |    31 ||    43
       Call Canine Famil |       |     9 ||     9
       Summon Guardian G |       |     2 ||     2
       Summon Ice Beast  |       |     1 ||     1
Evoke: Wand              |       |     1 ||     1
  Use: Potion            |     3 |     4 ||     7
 Stab: Distracted        |     1 |       ||     1
Armor: Robe              |     1 |     2 ||     3
Dodge: Dodged            |    15 |    12 ||    27

Table legend: (Time is in decaauts)
 A = Elapsed time spent in this place.
 B = Non-inter-level travel time spent in this place.
 C = Inter-level travel time spent in this place.
 D = Time resting spent in this place.
 E = Time spent auto-exploring this place.
 F = Levels seen in this place.
 G = Mean time per level.
                   A        B        C        D        E       F      G
               +--------+--------+--------+--------+--------+-----+--------+
         Total |   1412 |   1412 |      0 |    963 |      0 |   1 | 1412.0 |
       Dungeon |   1412 |   1412 |      0 |    963 |      0 |   1 | 1412.0 |
               +--------+--------+--------+--------+--------+-----+--------+

Top non-repeatable levels by time:
       D: 1412 daAuts
